[Event "ROM-GER Kings"]
[Site "Medias"]
[Date "2015.11.03"]
[Round "5.2"]
[White "Nevednichy, Vladislav"]
[Black "Bluebaum, Matthias"]
[Result "0-1"]
[ECO "C00"]
[WhiteElo "2557"]
[BlackElo "2588"]
[Annotator "CB"]
[PlyCount "88"]
[EventDate "2015.10.30"]
[EventType "schev"]
[EventRounds "5"]
[EventCountry "ROU"]
[SourceTitle "CBM 169"]
[Source "ChessBase"]
[SourceDate "2015.11.10"]
[SourceVersion "1"]
[SourceVersionDate "2015.11.10"]
[SourceQuality "1"]
[WhiteTeam "Romania"]
[BlackTeam "Germany"]
[WhiteTeamCountry "ROU"]
[BlackTeamCountry "GER"]
[TimeControl "40/5400+30:1800+30"]

1. e4 e6 2. d3 d5 3. Qe2 {Weiß spielt Königsindisch im Anzug.} Nc6 4. Nf3 {
[#]} d4 $5 {Ein selten gespielter Zug. Häufiger gespielt werden 4... Sf6, 4...
dxe4 oder 4...e5. Es ist interessant, was Schwarz hier vorbereitet hat.} 5. c3
e5 6. g3 Bg4 7. Nbd2 Be7 8. h3 Be6 9. Bg2 Qd7 {[#]} 10. c4 $6 {Vielleicht war
es keine gute Idee, das Zentrum zu schließen. Danach hat Schwarz mehr Raum
und Weiß muss sich entscheiden, ob er kurz oder lang rochiert - beide
Möglichkeiten sehen jedoch nicht allzu verlockend aus.} (10. cxd4 exd4 (10...
Nxd4 $2 11. Nxd4 exd4 12. f4 $16) 11. a3 O-O-O (11... a5 12. e5) 12. b4 $13)
10... a5 11. a3 Rb8 {[#]} 12. Qd1 $2 (12. Nxe5 $5 Nxe5 13. f4 Nc6 14. f5 Bd6
15. O-O Bxg3 16. Qg4 Be5 17. Nf3 $13) 12... h6 13. Rb1 Nf6 14. Qa4 O-O $17 15.
Qb5 Qd6 16. O-O Nd7 17. Ne1 Nc5 18. b4 axb4 19. axb4 Na6 20. c5 Qd7 21. Kh2 $2
{[#]} (21. Qa4 Ra8 22. b5 Nd8) (21. f4 Bxh3 22. f5 Bxg2 23. Kxg2 $15) 21... Ra8
$6 (21... b6 $1 22. Qxa6 Ra8 23. Qb5 bxc5 $19 {und die weiße Dame geht
verloren.}) 22. Nc4 Rfb8 23. Bd2 Qc8 24. Nb2 (24. Nf3 Bd7 25. Qa4 Naxb4 26. Qb3
Bxc5 27. Nfxe5 Nxe5 28. Nxe5 Be6 $17) 24... Qe8 25. Ra1 Ncxb4 26. Qxe8+ Rxe8
27. f4 Nc6 28. Nf3 Nxc5 29. fxe5 Nb3 30. Rab1 Nxd2 31. Nxd2 Nxe5 32. Nbc4 Nxd3
33. Rxb7 Rec8 34. Rfb1 Ra2 35. Kg1 Bg5 36. Rd1 Rc2 37. Bf1 Be3+ 38. Nxe3 dxe3
39. Bxd3 Rxd2 40. Rxd2 exd2 41. Be2 c5 42. Rb2 Rd8 43. Bd1 c4 44. Rc2 Rd3 0-1

[Event "EU-ch 12th"]
[Site "Aix les Bains"]
[Date "2011.03.23"]
[Round "2"]
[White "Lobzhanidze, Davit"]
[Black "Volkov, Sergey"]
[Result "1-0"]
[ECO "C00"]
[WhiteElo "2489"]
[BlackElo "2621"]
[Annotator "Marchand,A/Primel,D"]
[PlyCount "86"]
[EventDate "2011.03.22"]
[EventType "swiss"]
[EventRounds "11"]
[EventCountry "FRA"]
[SourceTitle "CBM 142 Extra"]
[Source "ChessBase"]
[SourceDate "2011.06.27"]
[SourceVersion "1"]
[SourceVersionDate "2011.06.27"]
[SourceQuality "1"]
[TimeControl "40/5400+30:1800+30"]

1. e4 e6 2. d3 d5 3. Qe2 (3. Nd2 c5) 3... Nf6 4. Nf3 Be7 5. g3 b5 6. Bg2 c5 ({
RR} 6... dxe4 7. dxe4 b4 8. a3 Ba6 9. Qd2 Nc6 10. e5 Nd5 11. Bf1 Bxf1 12. Kxf1
a5 13. Kg2 O-O 14. Qe2 Qd7 15. Re1 Rfd8 16. axb4 axb4 17. Rxa8 Rxa8 18. Nbd2
Nb6 19. Nc4 Nxc4 20. Qxc4 Ra5 21. Qe4 {Timman,J (2655)-Kortschnoj,V (2659)/
Wijk aan Zee 2000/ CBM 075/1/2-1/2 (65)}) ({RR} 6... Bb7 7. O-O a6 8. exd5 Bxd5
9. c4 Bb7 10. cxb5 axb5 11. d4 b4 12. Nbd2 O-O 13. Nc4 Nbd7 14. Rd1 Nb6 15.
Nce5 Ra7 16. h4 Qa8 17. Bh3 Rxa2 18. Rxa2 Qxa2 19. Qc2 Bd6 20. Bg5 Ne4 21. Re1
{Shaposhnikov,E (2573)-Volkov,S (2630)/playchess.com INT 2004/EXT 2005/0-1 (63)
}) 7. O-O Nc6 8. Re1 (8. c3) 8... Bb7 9. e5 (9. Nbd2 O-O 10. e5) 9... Nd7 10.
h4 h6 11. h5 a5 12. a4 b4 13. c4 bxc3 14. bxc3 Nb6 15. Bf4 c4 16.
d4 Na7 {Un coup bizarre} 17. Qd1 (17. Nh2 $5 ) 17... Bc6 18. Re2
Qd7 19. Rea2 Kd8 (19... O-O {Les Blancs n'ont pas de menaces directes а
l'aile-roi et le roque semblait plus naturel} 20. Nbd2 (20. g4 Rfb8 21. g5 Nxa4
22. gxh6 Rxb1 $1)) 20. Nh2 {(=)} Kc7 21. Bf3 Rhb8 {Les pièces Noires se
marchent dessus а l'aile-dame} 22. Nd2 Nxa4 $6 (22... Rb7 $142 {[%cal Ga8b8]
La faiblesse "a4" est fixée et il valait mieux terminer le développement avant
de l'attaquer}) 23. Rxa4 Bxa4 24. Rxa4 Nb5 25. Qa1 Nxc3 {L'idée de la prise 22.
Na4 mais les Blancs ont vu plus loin} 26. Rxa5 $40 Na4 {Pensant
forcer l'échange des R et avec le P passé "c3", les Noirs auraient un bon jeu
mais les Noirs vont avoir une mauvaise surprise.} 27. Rxd5 $3 {[%cal Gf4c7] Le
plan aventureux d'amener le K а l'aile-dame se paie au prix fort.} Qe8 28. Rd6
c3 29. Bxa8 $18 Rxa8 30. Ne4 Bxd6 31. exd6+ Kd8 32. Nxc3 Nb6 33. Qb1 Qc6 34.
Qh7 Ra3 35. Ne4 Nd5 36. Qg8+ Qe8 37. Qxg7 Ra1+ 38. Nf1 Qb5 39. Qh8+ Qe8 40.
Qxh6 Nxf4 41. Qxf4 Qb5 42. Qg5+ Qxg5 43. Nxg5 f6 {les Noirs ont fait trainé
jusqu'au 56ème coup} 1-0

[Event "Metz op 31th"]
[Site "Metz"]
[Date "2013.04.21"]
[Round "2"]
[White "Dgebuadze, Alexandre"]
[Black "Nguyen, Chi Minh"]
[Result "1-0"]
[ECO "C00"]
[WhiteElo "2515"]
[BlackElo "2372"]
[Annotator "Metz Alekhine/Primel,D"]
[PlyCount "44"]
[EventDate "2013.04.20"]
[EventType "swiss"]
[EventRounds "9"]
[EventCountry "FRA"]
[SourceTitle "EXT 2016"]
[Source "ChessBase"]
[SourceDate "2015.10.08"]
[SourceVersion "1"]
[SourceVersionDate "2015.10.08"]
[SourceQuality "1"]
[TimeControl "40/5400:1800+30"]
[WhiteClock "1:30:00"]
[BlackClock "1:30:00"]

1. e4 e6 2. Qe2 c5 3. Nf3 Nc6 4. g3 g6 (4... d5 5. d3) 5. Bg2 Bg7 6. O-O d6 7.
c3 e5 $1 (7... Nge7 8. d3 O-O 9. Nbd2 Rb8 (9... b5 $11) 10. a4) 8. Na3 Nge7 9.
Nc2 (9. Rd1) 9... O-O 10. b4 {85} cxb4 {70} 11. cxb4 d5
$11 12. d3 {85 Le GMI est bien préparé} a6 {55} 13. a4 $146 (13. Bb2 d4 {
Bojkov,D (2411)-Krasenkow,M (2573) Kavala op 10th 2001 (5) 0-1}) 13... h6 14.
Be3 d4 15. Bd2 {66} Be6 {37} 16. b5 Na5 17. bxa6 bxa6 18. Bb4 Rc8 19. Rfc1 Qc7
20. Bxe7 {17} Qxe7 {13} 21. Qd2 Qc7 22. Nh4 Rfd8 {suite illisible et gain
Blanc au 35ème coup} 1-0

[Event "Sautron op 14th"]
[Site "Sautron"]
[Date "2014.10.26"]
[Round "2"]
[White "Lejarre, Ludovic"]
[Black "Lagarde, Maxime"]
[Result "0-1"]
[ECO "C00"]
[WhiteElo "2361"]
[BlackElo "2566"]
[Annotator "RR"]
[PlyCount "102"]
[EventDate "2014.10.26"]
[EventType "swiss"]
[EventRounds "9"]
[EventCountry "FRA"]
[SourceTitle "EXT 2015"]
[Source "ChessBase"]
[SourceDate "2014.11.20"]
[SourceVersion "1"]
[SourceVersionDate "2014.11.20"]
[SourceQuality "1"]
[TimeControl "40/5400+30:1800+30"]

1. e4 e6 2. d3 d5 3. Nd2 Nf6 4. Ngf3 b6 5. c3 (5. g3 {La grande ligne dans cette
française fermée} dxe4 6. dxe4 Bb7) 5... c5 6. Qa4+ (6. Be2) 6... Bd7 7. Qc2 Nc6 8. g3 (8. Be2 $143 {Dubois,J (2190)-Adrian,C
(2320) FRA-ch 60th Clermont Ferrand 1985 (10) 0-1}) 8... Be7 9. Bg2 Qc7 $146 (9... O-O 10. O-O Rc8 11. Re1
b5 12. e5 Ne8 13. Nf1 b4 14. h4 Nc7 15. c4 Nd4 16. Nxd4 cxd4 17. Qd1 f5 18.
cxd5 Nxd5 19. Bxd5 exd5 20. Bf4 Be6 21. Nd2 h6 22. Nf3 Qb6 23. Qa4 Kf7 24. Rac1
Rg8 25. Rxc8 Rxc8 26. Rc1 Rxc1+ 27. Bxc1 Bc5 28. Qc2 Qb5 29. b3 Qb6 30. Bb2 Ke7
31. Qc1 Kd7 32. Kf1 f4 33. Qxf4 Qa6 34. Bxd4 Qxd3+ 35. Kg2 Be7 36. Bxa7 Qa6 37.
Qe3 Bf5 38. Bc5 Be4 39. Bxe7 {Malisov,B (2264)-Birnboim,N (2335) Jerusalem
2014 1/2-1/2 (67)}) 10. O-O Rd8 $5 {[%emt 0:05:22][%cal Gd7c8]
Le GMI commence un plan original en évitant le oo} 11. Re1 Bc8 12. a3 a5 13. e5 Nd7 14. d4 Ba6 $11 15. Nf1 Rc8 16. Qd1 b5 17. Bg5 Bf8 $1 18. h4 h6 19. Bf4 c4 (19... Qb7 ) 20. Ne3 Nb6 21. Nh2 Qd7 22. h5 {[%emt 0:
01:33][%csl Rg7] Prend de l'espace à l'aile-roi} Ra8 23. g4 Kd8 $1 24. Bg3 Kc8 25. f4 Kb7 26. f5 {[%emt 0:02:01]
Les chances sont maintenant réciproques avec une petite avance de
développement pour les Blancs} Na4 27. Re2 Kb6 28. Nf3 Be7 29. Qc2 Bb7 30. b3 $1 cxb3 31. Qxb3 Ka7 32.
Bf2 (32. c4 $5 dxc4 33. Nxc4 (33. Qxb5)) 32... Nb6 33. Rb2 Rab8 34. Bf1 Ba6 35. Bxb5 $6 {[%emt 0:02:32] Force un sacrifice de Q qui
n'est pas clair et cette position critique méritait plus de 2 mns de reflexion
} (35. Rab1 Nc4 36. Nxc4 bxc4 37. Qa4 Rxb2 38. Rxb2 Rb8) (35. Qc2 Nc4 36. Nxc4
bxc4) 35... Bxb5 36. Qxb5 Nc4 37. Nxc4 $8 Rxb5 38. Rxb5 Rb8 39. Rab1 (39. a4 $5 {[%cal Ga1b1]
Peut-être un peu plus précis mais Rab1 est plus naturel} dxc4 40. d5+ Ka8 41.
dxc6 $44) 39... Rxb5 40. Rxb5 dxc4 41. d5+ $1 Ka8 42. dxc6 Qxc6 43. Rxa5+ Kb8 44.
Nd4 Qe4 45. fxe6 fxe6 46. Ra6 Bc5 47. Rxe6 Qxg4+ 48. Kf1 Qh3+ (48... Bxd4 49. Re8+) 49. Kg1 Qxc3 50. Nc6+ Kc7 51. Rg6 Qe1+ 0-1

[Event "Rohde op 09th"]
[Site "Sautron"]
[Date "2009.10.26"]
[Round "4"]
[White "Haub, Thorsten Michael"]
[Black "Bedouin, Xavier"]
[Result "1-0"]
[ECO "C00"]
[WhiteElo "2478"]
[BlackElo "2353"]
[Annotator "RR"]
[PlyCount "59"]
[EventDate "2009.10.24"]
[EventType "swiss"]
[EventRounds "9"]
[EventCountry "FRA"]
[SourceTitle "EXT 2010"]
[Source "ChessBase"]
[SourceDate "2010.11.25"]
[SourceVersion "1"]
[SourceVersionDate "2010.11.25"]
[SourceQuality "1"]
[TimeControl "40/6000+30:1800+30"]

1. g3 d5 2. Bg2 Nf6 3. d3 e6 4. Nf3 Be7 5. O-O O-O 6. Nbd2 c5 7. e4 Nc6 8. Re1
b5 9. a4 bxa4 10. Rxa4 Rb8 (10... a5 11. Nb3 Bd7 12. exd5 exd5 13. Bg5 Re8 14.
Bxf6 Bxf6 15. Nxc5 Bxb2 16. Ra2 Bc3 17. Rxe8+ Bxe8 18. Na4 Bf6 19. c3 d4 20. c4
Rb8 21. Nd2 Nb4 22. Ra3 Be7 23. Ne4 Qc7 24. h4 h6 25. Bf1 f5 {Ljubojevic,L 
(2620)-Panno,O (2520)/Manila 1976/IZT/0-1 (46)}) (10... Bd7 ) 11.
Nf1 Rb4 12. c3 Rxa4 13. Qxa4 Qb6 14. Ne3 $14 Bd7 (14... Rd8) 15.
Qa2 Qa5 $6 (15... dxe4 16. Nc4 Qb5 17. dxe4) 16. Qxa5 Nxa5 17. exd5 exd5 18.
Nxd5 $1 {[%cal Gg2d5] Une "petite combinaison" qui gagne un P} Nxd5 19. Nd2 Be6 20. Bxd5 $36 Bxd5 21. Rxe7 Nc6 22. Re1 Rd8 23. f4 Kf8 24.
Kf2 Na5 25. c4 Be6 26. Re3 Rb8 27. Re5 Nb3 28. Nxb3 Rxb3 29. Ke2 Bg4+ 30. Kd2
1-0

[Event "Sautron op 13th"]
[Site "Sautron"]
[Date "2013.10.31"]
[Round "7"]
[White "Lejarre, Ludovic"]
[Black "Drasko, Milan"]
[Result "1/2-1/2"]
[ECO "C00"]
[WhiteElo "2371"]
[BlackElo "2451"]
[Annotator "RR"]
[PlyCount "50"]
[EventDate "2013.10.26"]
[EventType "swiss"]
[EventRounds "9"]
[EventCountry "FRA"]
[SourceTitle "EXT 2016"]
[Source "ChessBase"]
[SourceDate "2015.10.08"]
[SourceVersion "1"]
[SourceVersionDate "2015.10.08"]
[SourceQuality "1"]
[TimeControl "40/5400+30:1800+30"]
[WhiteClock "1:30:00"]
[BlackClock "1:30:00"]

1. e4 e6 2. d3 d5 3. Nd2 Nf6 4. Ngf3 b6 5. c3 Be7 6. Qa4+ Nfd7 (6... c6 7. e5 Nfd7 8. Qg4 g6 9. h4 h5
10. Qf4 c5 11. Ng5 Bxg5 12. hxg5 Nc6 13. Nf3 Qc7 14. g4 Ba6 15. gxh5 gxh5 16.
Qa4 Ncxe5 17. Nxe5 Qxe5+ 18. Be3 d4 19. cxd4 cxd4 20. Qxd4 Rc8 21. f4 Qxd4 22.
Bxd4 f6 23. Kd2 Bb7 24. Rh4 e5 25. Re1 O-O 26. Bh3 Rcd8 27. fxe5 fxe5 28. Bxe5
Rf2+ 29. Kc3 Nxe5 30. Rxe5 Rf3 31. Bf5 Bc8 32. Be4 Rh3 33. Rf4 Ba6 34. Bf5 Rg3
35. Rd4 Rxd4 36. Kxd4 {Gual Pascual,A (2446)-Alsina Leal,D (2545) Sabadell
2011 1/2-1/2}) 7. d4 O-O 8. Bd3 a5 9. O-O Ba6 10. Bxa6 Rxa6 11. Re1 Re8 12. exd5 exd5 13. Nf1 Nf8 $146 (13... c6 14. Ng3 Nf8 15. Nf5 Ne6
16. Ne5 Bf8 17. Qd1 g6 18. Nh6+ Bxh6 19. Bxh6 Qh4 20. Bd2 Ra7 21. Re3 Qd8 22.
Qe2 Rae7 23. Qf3 f5 24. Re2 Qd6 25. Qg3 Ng7 26. Rae1 Nd7 27. Bg5 Re6 28. Bh6 a4
29. Qd3 b5 30. h3 Nh5 31. g4 fxg4 32. hxg4 Nhf6 33. Bf4 Nxe5 34. Bxe5 Qe7 35.
Qh3 g5 36. Re3 Qf7 37. Bxf6 {1/2-1/2 (37) Marotta Moraes,C-Turkov,V RCCA corr
2004}) 14. Bf4 Ne6 15. Bg3 $14 {[%emt 0:00:
41][%csl Ra6,Rb8] Le GMI a quelques difficultés à terminer le développement}
Qd7 16. Qc2 Nc6 17. Ne3 Raa8 18. Ng4 (18. Nf5 Bf6)
18... Bd6 19. Qf5 Bxg3 20.
hxg3 Nf8 $1 {[%emt 0:00:38][%cal Gf8h7,Gf8g6,Gf8d7] Un coup
prophylactique pour anticiper la menace Ng5 tout en préparant l'échange des
R sur la colonne "e"} 21. Qg5 (21. Qh5 ) 21... Ng6 22. Re3 Rxe3 23. Nxe3 Nce7 24. Re1 f6 (24... Rd8) 25. Qh5 Rf8 1/2-1/2

[Event "Rohde op 12th"]
[Site "Sautron"]
[Date "2012.10.30"]
[Round "5"]
[White "Pancevski, Filip"]
[Black "Nguyen, Chi Minh"]
[Result "1-0"]
[ECO "C00"]
[WhiteElo "2482"]
[BlackElo "2392"]
[Annotator "RR"]
[PlyCount "65"]
[EventDate "2012.10.27"]
[EventType "swiss"]
[EventRounds "9"]
[EventCountry "FRA"]
[SourceTitle "EXT 2014"]
[Source "ChessBase"]
[SourceDate "2013.11.20"]
[SourceVersion "1"]
[SourceVersionDate "2013.11.20"]
[SourceQuality "1"]
[TimeControl "40/5400+30:1800+30"]
[WhiteClock "1:30:00"]
[BlackClock "1:30:00"]

1. e4 e6 2. Qe2 $5 Be7 (2... c5 3. g3) (2... d5 $143 3. exd5 Qxd5 4. Nc3
$14) 3. Nf3 d5 4. d3 Nf6 5. g3 b5 $5 {[%emt 0:00:30] Reprenant une
idée de Kortchnoi} (5... c5) 6. Bg2 dxe4 7.
dxe4 b4 8. Nbd2 Ba6 9. Nc4 O-O 10.
b3 (10. O-O ) 10... Nc6 11. Bb2 Bc5 12. Rd1 Qe7 13. O-O e5 14. Bh3 Rfd8 15. Rd3 Bd4 (15... Bxc4 16.
Rxd8+) 16. Bxd4 Bxc4 17. bxc4 Nxd4 18. Nxd4 Rxd4 19.
Rxd4 exd4 20. e5 $14 Re8 21. f4 Nd7 22. Re1 (22. Qd3) 22... Nc5 (22... f6 $6
23. Qe4 ) (22... Nf8 $11) 23. Qd2 Rd8 24. Qxb4 d3 $6 25. cxd3 Kf8 26. Rd1 g5 27. d4 gxf4 28. gxf4 Ne6 29. Qxe7+ Kxe7 30. Bxe6 Kxe6 31. Kf2 Rb8 32. Ke3 Rb4 33. d5+ 1-0

[Event "FRA-chT Top 12"]
[Site "Drancy"]
[Date "2016.06.05"]
[Round "9.6"]
[White "Grafl, Florian"]
[Black "Ider, Borya"]
[Result "0-1"]
[ECO "C00"]
[WhiteElo "2396"]
[BlackElo "2430"]
[Annotator "RR"]
[PlyCount "58"]
[EventDate "2016.05.28"]
[EventType "team-tourn"]
[EventRounds "11"]
[EventCountry "FRA"]
[SourceTitle "CBM 172 Extra"]
[Source "ChessBase"]
[SourceDate "2016.06.21"]
[SourceVersion "1"]
[SourceVersionDate "2016.06.21"]
[SourceQuality "1"]
[WhiteTeam "Saint Quentin"]
[BlackTeam "Mulhouse Philidor"]
[WhiteTeamCountry "FRA"]
[BlackTeamCountry "FRA"]
[TimeControl "40/5400+30:1800+30"]

{Prix de beauté de la ronde 9} 1. e4 e6 2.
b3 d5 3. Bb2 dxe4 4. Nc3 Nf6 5. Qe2 (
5. g4) 5... Be7 6. Nxe4 O-O 7. Nf3 b6 8. O-O-O Bb7 9. Nxf6+ Bxf6 10. d4 (10. Ne5 a5 11. a4 Nc6 12. f4 Qd5 13. Qe3 Nxe5 14. fxe5 Be7 15.
Rg1 Rab8 16. Bd3 Rbd8 17. Qh3 h6 18. Be2 Bc6 19. d4 b5 20. axb5 Bxb5 21. c4 Qe4
22. Bd3 Qc6 23. Rgf1 Rb8 24. Bc2 Bxc4 25. bxc4 Rb4 26. Bc3 Rxc4 27. Rd3 a4 28.
Kd1 Qb5 29. Qf3 c5 30. d5 exd5 31. Qf5 g6 32. Rg3 Bg5 33. Qd3 Qd7 34. Rgf3 Qe6
35. h3 Kg7 36. Bb1 Re4 37. Rf6 Re3 38. Rxe6 Rxd3+ 39. Bxd3 fxe6 {Pfretzschner,
R (2548)-Talpak,T (2529) ICCF email 2013 1-0 (74)}) 10... a5 11. a4 Na6 12. Ne5 Qe7 $146 (12... Nb4 13. f4 c6 14. h4 b5 15. c3 Nd5 16. axb5 cxb5 17.
Qxb5 Qc7 18. Qc4 Qd6 19. Qc5 Qb8 20. Qb5 Rc8 21. Rh3 a4 22. bxa4 Qc7 23. Rf3
Ra5 24. Qb3 Nb6 25. Bb5 Bxf3 26. gxf3 Rca8 27. Nc6 Rxa4 28. Bxa4 Nxa4 29. Ne5
Nxb2 30. Qxb2 Bxh4 31. Kc2 Bg3 32. Nd3 g6 33. Ra1 Rxa1 34. Qxa1 h5 35. Qa8+ Kg7
36. d5 Qe7 37. c4 exd5 38. Qxd5 h4 39. Qd4+ Kh7 40. Ne5 h3 41. Ng4 Qe2+ 42. Kb1
{Hrvacic,P (1972)-Lehnen,P (2276) LSS email 2010 0-1}) 13. Qg4 Nb4 14. Bc4 c6 15. Rhe1 b5 16. axb5 cxb5 17. Bxb5 Rfc8 18. c4 a4
$36 19. Bxa4 Rxa4 $1 20. bxa4 Qe8 21. Kd2 Qxa4 22. Ke2 Nc2 23. Kf1 Nxe1 24. Rxe1 Bxe5 25. dxe5 Rxc4 26. Qd1 Qa8 27. f3 Bd5 $17 28. Kg1 Qa5 29. h3 $4 (29. Kh1) 29... Qb6+ 0-1